 Dungeon Crawl Stone Soup version 0.31-a0-234-gad7ace16ef (webtiles) character file.

Game seed: 16459625009108742027

445 qw the Shooter (level 7, 0/43 HPs)
             Began as a Gargoyle Hexslinger on July 9, 2023.
             Was an Initiate of Okawaru.
             Slain by a gnoll
             ... wielding a +0 flail
             ... led by a gnoll sergeant
              (3 damage)
             ... on level 5 of the Dungeon.
             The game lasted 00:02:06 (4378 turns).

qw the Shooter (Gargoyle Hexslinger)                Turns: 4378, Time: 00:02:07

Health: 0/43       AC: 11    Str: 11    XL:     7   Next: 3%
Magic:  8/8        EV: 10    Int: 14    God:    Okawaru [......]
Gold:   127        SH:  0    Dex: 14    Spells: 7/8 levels left

rFire   . . .        Y - +2 sling
rCold   . . .        (no shield)
rNeg    + . .        b - +0 ring mail
rPois   inf          e - +0 helmet
rElec   +            h - scarf {repulsion}
rCorr   .            (no gloves)
SInv    .            (no boots)
Will    .....        (no amulet)
Stlth   +            (no ring)
HPRegen 0.27/turn    (no ring)
MPRegen 0.11/turn

%: repel missiles
@: no status effects
A: sickness immunity, AC +4, negative energy resistance 1, electricity
resistance, torment resistance 1, petrification resistance
a: Renounce Religion


You were on level 5 of the Dungeon.
You worshipped Okawaru.
Okawaru was noncommittal.
You visited 2 branches of the dungeon, and saw 6 of its levels.

You collected 247 gold pieces.
You spent 120 gold pieces at shops.


Innate Abilities, Weirdness & Mutations

You are immune to sickness and miasma.
Your stone body is resilient. (AC +4)
You are immune to poison.
You resist negative energy. (rN+)
You are resistant to electric shocks. (rElec)
You are resistant to unholy torment.
You are immune to petrification.


   Skills:
 - Level 4.0 Fighting
 + Level 6.1 Ranged Weapons
 - Level 1.3 Armour
 - Level 1.5 Dodging
 - Level 1.0 Spellcasting
 - Level 2.6 Hexes


You had 7 spell levels left.
You knew the following spells:

 Your Spells              Type           Power      Damage    Failure   Level
a - Slow                  Hex            32%        N/A       21%         1

Your spell library contained the following spells:

 Spells                   Type           Power      Damage    Failure   Level
 Inner Flame              Hex/Fire       4%         N/A       71%         3
 Portal Projectile        Hex/Tloc       8%         N/A       71%         3
 Cause Fear               Hex            4%         N/A       90%         4

Inventory:

Hand Weapons
 Y - a +2 sling (weapon)
Armour
 b - a +0 ring mail (worn)
 e - a +0 helmet (worn)
 h - a scarf of repulsion (worn)
Scrolls
 a - 2 scrolls of identify
 g - a scroll of teleportation
Potions
 c - 2 potions of mutation
 d - 4 potions of curing
 f - 2 potions of enlightenment
 i - a potion of haste {unknown}
 k - a potion of lignification {unknown}

Dungeon Overview and Level Annotations

Branches:
Dungeon (5/15)             Temple (1/1) D:4

Altars:
Ashenzari
Dithmenos
Fedhas
Kikubaaqudgha
Makhleb
Okawaru
Qazlal
Trog
Uskayaw
Vehumet
Yredelemnul

Shops:
D:3 *

Annotations:
D:3 exclusion: 2 gnolls


Message History

You shoot a sling bullet. The sling bullet hits the gnoll.
The gnoll is heavily wounded.
The gnoll sergeant hits you but does no damage.
The gnoll closely misses you.
You shoot a sling bullet.
The sling bullet barely misses the gnoll.
The sling bullet hits the gnoll sergeant.
The gnoll sergeant is lightly wounded.
The gnoll sergeant hits you but does no damage.
The gnoll barely misses you.
The gnoll sergeant hits you from afar with a +0 spear.
The gnoll barely misses you.
You shoot a sling bullet. The sling bullet hits the gnoll.
The gnoll is heavily wounded.
The gnoll sergeant hits you from afar with a +0 spear.
The gnoll closely misses you.
You shoot a sling bullet. The sling bullet hits the gnoll.
The gnoll is almost dead.
The gnoll sergeant hits you from afar with a +0 spear.
The gnoll hits you but does no damage.
You shoot a sling bullet.
The sling bullet closely misses the gnoll.
The sling bullet hits the gnoll sergeant but does no damage.
The gnoll sergeant is lightly wounded.
The gnoll sergeant hits you from afar with a +0 spear!
The gnoll barely misses you.
You shoot a sling bullet. The sling bullet hits the gnoll.
You kill the gnoll!
Okawaru accepts your kill.
The gnoll sergeant hits you from afar with a +0 spear!
Your Fighting skill increases to level 4!
You shoot a sling bullet.
The sling bullet barely misses the gnoll.
The sling bullet hits the gnoll sergeant but does no damage.
The gnoll sergeant is lightly wounded.
The gnoll sergeant barely misses you. The gnoll hits you with a +0 flail.
The gnoll sergeant hits you from afar with a +0 spear.
The gnoll hits you from afar with a +0 spear.
The gnoll hits you with a +0 flail.
You die... #.# ########....# .~~ ~~~~~~......# ~~~##~##....# ###### #....# #.!.# #....# #...# #....# ggg

#....# # ##g##
#....#
#~##~@~##~##....#
#~~~~.~~~~##....#
####..######....#
#.## #....####
####.#######..(.....
#...................
#.#########.....7777
#.#.......#....7..~¤
#.#............7.¤..


You could see a gnoll sergeant and 3 gnolls.

Vanquished Creatures
  A black bear (D:4)
  A hound (D:5)
  2 jellies (D:4)
  A sleepcap (D:4)
  2 iguanas
  5 gnolls
  3 adders
  An ufetubus (D:5)
  4 dart slugs
  6 orcs
  6 endoplasms
  4 giant cockroaches
  5 goblins
  7 hobgoblins
  4 jackals
  11 kobolds
  6 quokkas
  8 ball pythons
  2 bats
  7 frilled lizards
  8 rats
94 creatures vanquished.

Notes
Turn   | Place    | Note
-------+----------+-------------------------------------------
     0 | D:1      | qw the Gargoyle Hexslinger began the quest for the Orb.
     0 | D:1      | Reached XP level 1. HP: 12/12 MP: 2/2
     0 | D:1      | 0 ||| qw: Version: 0.3-a-51-g015441d
     0 | D:1      | 0 ||| qw: Game counter: 4100
     0 | D:1      | 0 ||| qw: Melee chars always use a shield: true
     0 | D:1      | 0 ||| qw: God list: Okawaru
     0 | D:1      | 0 ||| qw: Allow faded altars: false
     0 | D:1      | 0 ||| qw: Do Orc after clearing Dungeon:15 true
     0 | D:1      | 0 ||| qw: Do second Lair branch before Depths: true
     0 | D:1      | 0 ||| qw: Lair rune preference: random
     0 | D:1      | 0 ||| qw: Goals: Normal
     0 | D:1      | 0 ||| PLANNING D:1-11
    37 | D:1      | 37 ||| FLEEEEING.
    38 | D:1      | 38 ||| FLEEEEING.
    39 | D:1      | 39 ||| FLEEEEING.
    40 | D:1      | 40 ||| FLEEEEING.
    41 | D:1      | 41 ||| FLEEEEING.
    42 | D:1      | 42 ||| FLEEEEING.
    43 | D:1      | 43 ||| FLEEEEING.
    44 | D:1      | 44 ||| FLEEEEING.
    45 | D:1      | 45 ||| FLEEEEING.
    46 | D:1      | 46 ||| FLEEEEING.
   154 | D:1      | Reached XP level 2. HP: 16/16 MP: 3/3
   331 | D:1      | Reached skill level 3 in Ranged Weapons
   393 | D:1      | Reached XP level 3. HP: 21/21 MP: 4/4
   901 | D:1      | 901 ||| UPGRADING to +0 leather armour.
   911 | D:1      | 911 ||| DROPPING +0 robe.
   912 | D:1      | 912 ||| READING 2 scrolls labelled VYNUAR FOPY.
   913 | D:1      | 913 ||| READING scroll labelled QOAGHE YSHON.
   918 | D:1      | 918 ||| DRINKING 2 golden potions.
   919 | D:1      | 919 ||| DROPPING scroll of poison.
   920 | D:1      | 920 ||| DROPPING potion of magic.
  1015 | D:2      | HP: 4/21 [gnoll/+0 spear (3)]
  1016 | D:2      | 1016 ||| READING scroll of teleportation.
  1018 | D:2      | Reached XP level 4. HP: 2/26 MP: 5/5
  1018 | D:2      | Found a bloodstained altar of Trog.
  1070 | D:2      | Reached skill level 4 in Ranged Weapons
  1504 | D:2      | 1504 ||| UPGRADING to +0 helmet.
  1509 | D:2      | 1509 ||| READING 3 scrolls of identify.
  1509 | D:2      | 1509 ||| IDENTIFYING viscous inky potion
  1510 | D:2      | 1510 ||| READING 2 scrolls of identify.
  1510 | D:2      | 1510 ||| IDENTIFYING pink potion
  1741 | D:3      | Found Cella's Assorted Antiques.
  1750 | D:3      | 1750 ||| BUYING 2 potions of curing (120 gold).
  1750 | D:3      | Bought 2 potions of curing for 120 gold pieces
  1750 | D:3      | 1750 ||| SHOPLISTING bubbling grey potion (18 gold, have
                  | 3).
  1750 | D:3      | 1750 ||| SHOPLISTING fuming inky potion (18 gold, have 3).
  1750 | D:3      | 1750 ||| SHOPLISTING scroll labelled GUFREZ WOAM (20 gold,
                  | have 3).
  1750 | D:3      | 1750 ||| SHOPLISTING scroll of identify (40 gold, have 3).
  1927 | D:3      | 1927 ||| READING scroll labelled ISAQIA DUAH.
  1927 | D:3      | HP: 3/26 [gnoll/+0 halberd (6)]
  1928 | D:3      | 1928 ||| READING 2 scrolls of teleportation.
  1928 | D:3      | HP: 1/26 [gnoll/+0 halberd (2)]
  2209 | D:3      | 2209 ||| DRINKING 2 bubbling grey potions.
  2299 | D:3      | 2299 ||| FLEEEEING.
  2300 | D:3      | 2300 ||| FLEEEEING.
  2666 | D:3      | 2666 ||| UPGRADING to scarf of repulsion.
  2671 | D:3      | 2671 ||| READING scroll labelled GUFREZ WOAM.
  2726 | D:3      | Reached XP level 5. HP: 30/30 MP: 6/6
  2873 | D:4      | Noticed a black bear
  2883 | D:4      | Reached skill level 5 in Ranged Weapons
  2883 | D:4      | HP: 7/30 [quokka (4)]
  2884 | D:4      | 2884 ||| READING scroll of teleportation.
  2886 | D:4      | HP: 1/30 [black bear (3)]
  3085 | D:4      | Killed a black bear
  3086 | D:4      | Reached skill level 3 in Fighting
  3086 | D:4      | Reached XP level 6. HP: 32/38 MP: 7/7
  3132 | D:4      | Found a staircase to the Ecumenical Temple.
  3133 | D:4      | 3133 ||| PLANNING TEMPLE
  3133 | D:4      | 3133 ||| DROPPING scarf of invisibility.
  3134 | D:4      | 3134 ||| READING scroll labelled CUGHACKENKE.
  3135 | D:4      | 3135 ||| READING scroll labelled XIUGUCUIWADE.
  3136 | D:4      | 3136 ||| READING 2 scrolls of identify.
  3136 | D:4      | 3136 ||| IDENTIFYING lumpy amethyst potion
  3137 | D:4      | 3137 ||| DROPPING potion of brilliance.
  3149 | Temple   | Entered the Ecumenical Temple
  3170 | Temple   | 3170 ||| PLANNING OKAWARU WORSHIP
  3250 | Temple   | Became a worshipper of Warmaster Okawaru
  3251 | Temple   | 3251 ||| PLANNING D:1-11
  3908 | D:4      | 3908 ||| UPGRADING to +0 ring mail.
  3918 | D:4      | 3918 ||| DROPPING +0 leather armour.
  3919 | D:4      | 3919 ||| READING scroll labelled SAOXKUSIEP.
  3964 | D:5      | Entered Level 5 of the Dungeon
  3997 | D:5      | Reached skill level 1 in Armour
  4146 | D:5      | Reached skill level 6 in Ranged Weapons
  4372 | D:5      | Reached XP level 7. HP: 39/42 MP: 8/8
  4378 | D:5      | HP: 10/43 [gnoll/+0 flail[a gnoll sergeant] (3)]
  4378 | D:5      | HP: 3/43 [gnoll/+0 spear[a gnoll sergeant] (2)]
  4378 | D:5      | Slain by a gnoll

Levels and vault maps discovered:
D:1:      lightli_arrival_windingriver, layout_basic, chequers_avenue,
          minmay_tall_x
D:2:      layout_basic, basic_altar
D:3:      layout_loops_corners, serial_shops, shop, st_stairs_3,
          pf_guarded_unrand_woodcutter
D:4:      layout_cave_pods, minmay_temple_entry_glassed_door
D:5:      layout_basic, mainiacjoe_overflow_paths, lightli_minifort
Temple:   compressed_dpeg_circular_temple

Skill      XL: |  1  2  3  4  5  6  7 |
---------------+----------------------+-----
Ranged Weapons | 3 4 5 6 |  6.1
Fighting       | 2 3 4 |  4.0
Armour         | 1 |  1.3
Dodging        | |  1.5
Spellcasting   | |  1.0
Hexes          | |  2.6

Action                     |  1- 3 |  4- 6 |  7- 9 || total
---------------------------+-------+-------+-------++-------
   Fire: Sling             |   134 |   232 |     7 ||   373
    Use: Scroll            |     3 |    10 |       ||    13
         Potion            |     1 |     1 |       ||     2
 Armour: Robe              |    16 |       |       ||    16
         Leather armour    |    14 |    42 |       ||    56
         Ring mail         |       |    13 |     3 ||    16
  Dodge: Dodged            |    46 |    75 |     6 ||   127

Table legend:
 A = Non-vault XP
 B = Vault XP
 C = Vault XP percentage of total XP
 D = Non-vault monster count
 E = Vault monster count
 F = Vault count percentage of total count
                 A         B        C        D         E       F
            +---------+---------+-------+---------+---------+-------
      Total |     579 |      57 |   9.0 |      85 |       9 |   9.6
            +---------+---------+-------+---------+---------+-------
        D:1 |      41 |      10 |  19.6 |      28 |       4 |  12.5
        D:2 |      71 |       0 |   0.0 |      19 |       0 |   0.0
        D:3 |      37 |      18 |  32.7 |      14 |       3 |  17.6
        D:4 |     335 |       0 |   0.0 |      19 |       0 |   0.0
        D:5 |      95 |      29 |  23.4 |       5 |       2 |  28.6
            +---------+---------+-------+---------+---------+-------
